 Seeded DCSS version 0.31-a0-1293-g5190ab2 (webtiles) character file.

Game seed: 5174039148915690263 (custom seed)

5226 edsrzf the Carver (level 10, -2/63 HPs)
             Began as an Octopode Cinder Acolyte on Dec 17, 2023.
             Was a Priest of Ignis.
             Slain by a blink frog (14 damage)
             ... on level 1 of the Lair of Beasts on Dec 18, 2023.
             The game lasted 00:33:47 (9011 turns).

edsrzf the Carver (Octopode Cinder Acolyte)         Turns: 9011, Time: 00:33:48

Health: -2/63      AC:  8    Str: 20    XL:     10   Next: 61%
Magic:  16/19      EV: 12    Int: 18    God:    Ignis [***...]
Gold:   530        SH:  0    Dex: 10    Spells: 18/21 levels left

rFire   + . .        b - +3 dagger (venom)
rCold   . . .        (no shield)
rNeg    . . .        (helmet restricted)
rPois   +            (no amulet)
rElec   .            d - +6 ring of strength
rCorr   .            y - ring of poison resistance
SInv    .            (no ring)
Will    .....        (no ring)
Stlth   +++++        (no ring)
HPRegen 0.30/turn    (no ring)
MPRegen 0.16/turn    (no ring)
                     (no ring)

%: no passive effects
@: fiery-armoured
A: almost no armour, amphibious, 8 rings, camouflage 1, gelatinous body 1,
(nimble swimmer 1), tentacles
a: Renounce Religion, Fiery Armour, Foxfire Swarm, Rising Flame


You were on level 1 of the Lair of Beasts.
You worshipped Ignis.
Ignis was most pleased with you.
You visited 2 branches of the dungeon, and saw 10 of its levels.
You also visited: Sewer.

You collected 530 gold pieces.

Inventory:

Hand Weapons
 a - a -1 falchion of flaming
 b - a +3 dagger of venom (weapon)
 l - the +8 mace of Doom {freeze, rPois rC+ Str+2 Dex+4}
   (You found it on level 4 of the Dungeon)

   Str+2:     It affects your strength (+2).
   Dex+4:     It affects your dexterity (+4).
   rC+:       It protects you from cold.
   rPois:     It protects you from poison
 C - a +0 dagger of electrocution
 E - a +0 long sword
Missiles
 k - 18 poisoned darts
 A - a throwing net {=f}
Jewellery
 d - a +6 ring of strength (left tentacle)
 y - a ring of poison resistance (right tentacle)
Talismans
 u - a blade talisman
Wands
 w - a wand of flame (23)
 x - a wand of charming (14)
 D - a wand of acid (11)
Scrolls
 e - a scroll of blinking {unknown}
 f - a scroll of teleportation {@r3}
 g - a scroll of immolation
 h - 2 scrolls of vulnerability {unknown}
 j - a scroll of silence {unknown}
 m - 3 scrolls of enchant armour {unknown}
 n - a scroll of enchant weapon {unknown}
Potions
 c - 3 potions of attraction {unknown}
 i - a potion of resistance
 o - 3 potions of magic
 p - a potion of haste
 q - a potion of berserk rage {!q}
 r - 2 potions of mutation
 z - 2 potions of brilliance
 B - a potion of enlightenment


   Skills:
 - Level 3.0 Fighting
 + Level 11.3 Long Blades
 - Level 10.1 Stealth
 - Level 6.1 Spellcasting
 - Level 3.0 Fire Magic
 + Level 4.5 Ice Magic


You had 18 spell levels left.
You knew the following spells:

 Your Spells              Type           Power      Damage    Failure   Level
a - Scorch                Fire           32%        2d6       5%          2
b - Freeze                Ice            84%        1d9       1%          1

Your spell library contained the following spells:

 Spells                   Type           Power      Damage    Failure   Level
 Frozen Ramparts          Ice            42%        1d7       5%          3
 Hailstorm                Conj/Ice       13%        3d6       14%         3
 Flame Wave               Conj/Fire      10%        2d6       54%         4
 Summon Cactus Giant      Summ           2%         N/A       100%        6


Dungeon Overview and Level Annotations

Branches:
Dungeon (9/15)             Temple (0/1) D:4            Lair (1/5) D:8
  Sewer (visited)
    Orc: D:9-12

Altars:
Uskayaw
Xom

Annotations:
D:3 Sigmund
D:4 Dowan, Duvessa
D:7 exclusion: 4 killer bees
D:8 1 runed translucent door, Jeremiah; blackthorn's ghost, novice DjEE
D:9 exclusion: shadow
Lair:1 exclusion: hydra


Innate Abilities, Weirdness & Mutations

You cannot wear most types of armour.
You are amphibious.
You can wear up to eight rings at the same time.
Your skin changes colour to match your surroundings (Stealth+).
Your rubbery body absorbs attacks. (AC +1, EV +1)
((You are camouflaged when in or above water. (Stealth+)))
You have tentacles for arms and can constrict up to eight enemies at once.


Message History

You kill the komodo dragon!
A blink frog comes into view.
The blink frog croaks.
A blink frog comes into view.
Found a notched iron ring.
A blink frog comes into view.
The blink frog misses you.
The blink frog croaks.
You hit the blink frog.
The blink frog is poisoned.
Your grab misses the blink frog.
The blink frog is lightly wounded.
The blink frog hits you!
You miss the blink frog. Your grab misses the blink frog.
Your squeeze misses the blink frog.
The blink frog is lightly wounded.
Press: ? - help, v - describe, . - travel
Here: a blink frog (lightly wounded, poisoned)
The floor.
You hit the blink frog. Your grab misses the blink frog.
The blink frog is lightly wounded.
The blink frog blinks!
The blink frog closely misses you.
You miss the blink frog. Your grab misses the blink frog.
The blink frog is lightly wounded.
The blink frog closely misses you.
The blink frog blinks!
Press: ? - help, v - describe, . - travel The floor.
There is a cloud of translocational energy here.
Press: ? - help, v - describe, . - travel
Here: a blink frog (translocational energy)
The floor.
Press: ? - help, v - describe, . - travel The floor, spattered with blood.
You hit the blink frog.
The blink frog is poisoned.
Your grab misses the blink frog. Your squeeze misses the blink frog.
The blink frog is lightly wounded.
The blink frog blinks!
The blink frog blinks!
You closely miss the blink frog. Your grab misses the blink frog.
The blink frog is moderately wounded.
You hit the blink frog. Your grab misses the blink frog.
The blink frog is moderately wounded.
The blink frog misses you.
You hit the blink frog.
The blink frog looks even sicker.
Your grab misses the blink frog. You squeeze the blink frog.
The blink frog is moderately wounded.
The blink frog hits you!
You barely miss the blink frog. Your grab misses the blink frog.
The blink frog is moderately wounded.
The blink frog hits you!
You closely miss the blink frog. Your grab misses the blink frog.
The blink frog is moderately wounded.
The blink frog hits you!
The blink frog blinks! x3
Okay, then.
Cast which spell? (? or * to list)
You don't know that spell.
Unknown command.
Unknown command.
Cast which spell? (? or * to list)
Okay, then.
Cast which spell? (? or * to list)
Okay, then.
Unknown command.
Cast which spell? (? or * to list)
Aiming: Freeze (safe; 1% risk of failure)
Press: ? - help, Shift-Dir - straight line, f - blink frog
Aim: a blink frog (moderately wounded, very poisoned)
You freeze the blink frog.
The blink frog is heavily wounded.
The blink frog seems to slow down.
The blink frog hits you. x2
The blink frog blinks!
Casting: Freeze (safe; 1% risk of failure)
Confirm with . or Enter, or press ? or * to list all spells.
Aiming: Freeze (safe; 1% risk of failure)
Press: ? - help, Shift-Dir - straight line, f - blink frog, p - blink frog
Aim: a blink frog You freeze the blink frog!
The blink frog is moderately wounded.
The blink frog blinks!
Casting: Freeze (safe; 1% risk of failure)
Confirm with . or Enter, or press ? or * to list all spells.
Aiming: Freeze (safe; 1% risk of failure)
Press: ? - help, Shift-Dir - straight line, f - blink frog, p - blink frog
Aim: a blink frog (moderately wounded, poisoned)
You freeze the blink frog!
The blink frog is heavily wounded.
The blink frog seems to slow down.
The blink frog misses you. The blink frog hits you!
* * * LOW HITPOINT WARNING * * *
The blink frog misses you.
You feel better.
The blink frog is no longer moving slowly.
The blink frog hits you!
* * * LOW HITPOINT WARNING * * *
The blink frog blinks!
The blink frog barely misses you.
Okay, then.
You feel better.
The blink frog looks more healthy.
The blink frog completely misses you.
A protective cloak of flame settles atop you.
The blink frog closely misses you. The blink frog hits you!
You die...

##......).......#
#...............##
#.............>.#
##...............##
#..................
##.............##..
#....#.........# #.
######F#F###........#
# .......@##
##.......# .......F.#
######### ...=......#
.........##
.........# .........#
........## .......##


You could see 3 blink frogs.

Vanquished Creatures
  Maurice (D:8)
  2 cane toads (Lair:1)
  A komodo dragon (Lair:1)
  A hornet (D:9)
  Prince Ribbit (D:8)
  5 yaks
  A wraith (D:9)
  2 steam dragons
  A water moccasin (Lair:1)
  2 ice beasts
  A sky beast (D:7)
  An orc warrior (D:7)
  2 centaurs
  2 kobold brigands (Sewer)
  2 bullfrogs
  A gnoll sergeant (D:8)
  2 scorpions
  5 wights (D:8)
  A killer bee (D:8)
  A howler monkey (D:9)
  2 hounds (D:5)
  8 orc priests
  A jelly (D:6)
  2 iguanas
  2 sleepcaps (D:5)
  7 orc wizards
  8 gnolls
  14 adders
  10 river rats
  A shadow imp (D:5)
  4 worms
  19 orcs
  11 ball pythons
  4 endoplasms
  8 giant cockroaches
  5 goblins
  6 hobgoblins
  3 jackals (D:1)
  5 quokkas
  3 bats
  11 frilled lizards
  22 kobolds
  26 rats
217 creatures vanquished.

Notes
Turn   | Place    | Note
-------+----------+-------------------------------------------
     0 | D:1      | edsrzf the Octopode Cinder Acolyte began the quest for the
                  | Orb.
     0 | D:1      | Reached XP level 1. HP: 16/16 MP: 2/2
    83 | D:1      | Reached skill level 1 in Stealth
    92 | D:1      | Reached XP level 2. HP: 16/21 MP: 3/3
   148 | D:1      | Reached skill level 2 in Stealth
   419 | D:1      | Reached XP level 3. HP: 24/26 MP: 4/4
   718 | D:2      | Reached skill level 3 in Stealth
  1103 | D:2      | Reached XP level 4. HP: 31/31 MP: 5/5
  1207 | D:2      | Reached skill level 4 in Long Blades
  1648 | D:3      | Noticed Sigmund
  1941 | D:3      | Found a faded altar of an unknown god.
  2201 | D:3      | Reached skill level 4 in Stealth
  2600 | D:4      | Found a hide-covered altar of Uskayaw.
  2621 | D:4      | Reached XP level 5. HP: 32/36 MP: 6/6
  2659 | D:4      | Identified the +8 mace of Doom {freeze, rPois rC+ Str+2
                  | Dex+4}
  2668 | D:4      | Noticed a black bear
  2832 | D:4      | Noticed Duvessa
  2850 | D:4      | Identified 4 potions of curing
  2855 | D:4      | Reached skill level 5 in Stealth
  2874 | D:4      | Noticed Dowan
  2903 | D:4      | Identified 5 scrolls of identify
  2903 | D:4      | Identified 7 scrolls of teleportation
  2908 | D:4      | Found a staircase to the Ecumenical Temple.
  2957 | D:4      | Reached skill level 5 in Long Blades
  3039 | D:4      | Reached XP level 6. HP: 34/42 MP: 7/7
  3324 | D:5      | Entered Level 5 of the Dungeon
  3352 | D:5      | Reached skill level 6 in Stealth
  3421 | D:5      | Found a glowing drain.
  3433 | Sewer    | Entered a sewer
  3631 | Sewer    | Learned a level 2 spell: Scorch
  3979 | Sewer    | Reached XP level 7. HP: 37/46 MP: 8/8
  3996 | Sewer    | Reached skill level 7 in Stealth
  4116 | Sewer    | Identified 2 potions of magic
  4119 | Sewer    | Reached skill level 6 in Long Blades
  4422 | D:5      | Identified a potion of resistance
  4423 | D:5      | Identified a potion of haste
  4424 | D:5      | Identified a potion of heal wounds
  4425 | D:5      | Identified 2 potions of mutation
  4626 | D:5      | Reached skill level 8 in Stealth
  4812 | D:5      | Reached XP level 8. HP: 52/52 MP: 9/9
  4970 | D:6      | Reached skill level 7 in Long Blades
  4970 | D:6      | Reached skill level 9 in Stealth
  5040 | D:6      | Identified a potion of berserk rage
  5408 | D:6      | Found a shimmering altar of Xom.
  5877 | D:7      | Reached skill level 10 in Stealth
  5895 | D:7      | Identified 2 scrolls of immolation
  5898 | D:7      | Identified 2 potions of brilliance
  5908 | D:7      | Noticed a wraith
  5992 | D:7      | Reached skill level 8 in Long Blades
  6057 | D:7      | Reached skill level 2 in Spellcasting
  6264 | D:7      | Learned a level 1 spell: Freeze
  6294 | D:7      | Identified a potion of enlightenment
  6827 | D:8      | Reached XP level 9. HP: 35/56 MP: 13/13
  6829 | D:8      | Reached skill level 3 in Spellcasting
  6929 | D:8      | Found a staircase to the Lair.
  6929 | D:8      | Noticed an elephant
  6945 | D:8      | Noticed Maurice
  6951 | D:8      | Maurice stole 160 gold
  6954 | D:8      | Killed Maurice
  6955 | D:8      | Reached skill level 9 in Long Blades
  6955 | D:8      | Reached skill level 4 in Spellcasting
  7438 | D:8      | Reached skill level 5 in Spellcasting
  7690 | D:8      | Noticed Jeremiah
  7994 | D:8      | Noticed Prince Ribbit
  8014 | D:8      | Killed Prince Ribbit
  8015 | D:8      | Reached skill level 10 in Long Blades
  8096 | D:8      | Found a runed translucent door.
  8096 | D:8      | Noticed blackthorn's ghost (novice DjEE)
  8380 | D:9      | Noticed a hornet
  8387 | D:9      | Killed a hornet
  8388 | D:9      | Reached skill level 6 in Spellcasting
  8388 | D:9      | Reached XP level 10. HP: 63/63 MP: 17/19
  8537 | D:9      | Reached skill level 1 in Ice Magic
  8541 | D:9      | Reached skill level 2 in Ice Magic
  8710 | D:9      | Noticed a two-headed ogre
  8754 | D:9      | Reached skill level 3 in Ice Magic
  8836 | D:9      | Noticed a red ugly thing
  8837 | D:9      | Upgraded the game from 0.31-a0-1281-ge6b8506 to
                  | 0.31-a0-1293-g5190ab2
  8903 | Lair:1   | Entered Level 1 of the Lair of Beasts
  8903 | Lair:1   | Noticed a cane toad
  8904 | Lair:1   | Killed a cane toad
  8905 | Lair:1   | Reached skill level 11 in Long Blades
  8907 | Lair:1   | Noticed a cane toad
  8913 | Lair:1   | Killed a cane toad
  8914 | Lair:1   | Reached skill level 4 in Ice Magic
  8916 | Lair:1   | Noticed a four-headed hydra
  9011 | Lair:1   | Slain by a blink frog

Illustrated notes

Levels and vault maps discovered:
D:1:      lightli_arrival_windingriver, layout_rooms
D:2:      layout_loops_corners, minmay_statues_item
D:3:      layout_basic, nicolae_ecumenical_lake_church, uniq_sigmund
D:4:      layout_basic, mainiacjoe_overflow_six_doors_small,
          nicolae_dithmenos_shadow_blocks, minmay_temple_entry_trees,
          minmay_misc_feat_tiny, dreamdust_wishing_well,
          nicolae_kite_square_tiling_tiny, sigmund_army, uniq_natasha,
          uniq_duvessa
D:5:      layout_rooms, gup_sewer_entry_bubbles, minmay_starry_boxes
D:6:      layout_cave_pools, xom_teletrap_fun,
          nicolae_concentric_dashed_squares_wild
D:7:      layout_rooms
D:8:      layout_gridville, david_lair_generic, ebering_ghost_reflecting_pool,
          uniq_jeremiah, uniq_prince_ribbit1, uniq_maurice
D:9:      minmay_cornered_nines, layout_loops_ring,
          mainiacjoe_overflow_24_doors, nicolae_overflow_hidden_temple
Lair:1:   layout_cave_pods, minivault_11, worms_lemuel

Skill      XL: |  1  2  3  4  5  6  7  8  9 10 |
---------------+-------------------------------+-----
Stealth        | 1 2 3 4 5 6 8 10 | 10.1
Long Blades    | 4 5 6 8 10 11 | 11.3
Spellcasting   | 2 6 |  6.1
Ice Magic      | 4 |  4.5
Fighting       | |  3.0
Fire Magic     | |  3.0

Action                     |  1- 3 |  4- 6 |  7- 9 | 10-12 || total
---------------------------+-------+-------+-------+-------++-------
  Melee: Falchion          |    90 |   194 |    74 |       ||   358
         Constrict         |    24 |    39 |    43 |     4 ||   110
         Tentacles         |    12 |    36 |    53 |    12 ||   113
         Punch             |       |     2 |     2 |     1 ||     5
         Dagger            |       |       |   155 |    44 ||   199
  Throw: Dart              |       |     5 |     3 |     1 ||     9
   Cast: Freeze            |       |       |       |     3 ||     3
 Invoke: Fiery Armour      |       |     1 |     2 |     2 ||     5
  Evoke: Wand              |       |       |     1 |     3 ||     4
    Use: Scroll            |       |     3 |    12 |       ||    15
         Potion            |       |     3 |     6 |     2 ||    11
   Stab: Sleeping          |     9 |    13 |    25 |     5 ||    52
         Distracted        |       |     1 |     1 |       ||     2
 Armour: Skin              |    38 |    84 |   115 |    18 ||   255
  Dodge: Dodged            |    47 |    86 |   103 |    19 ||   255

Table legend: (Time is in decaauts)
 A = Elapsed time spent in this place.
 B = Non-inter-level travel time spent in this place.
 C = Inter-level travel time spent in this place.
 D = Time resting spent in this place.
 E = Time spent auto-exploring this place.
 F = Levels seen in this place.
 G = Mean time per level.
                   A        B        C        D        E       F      G
               +--------+--------+--------+--------+--------+-----+--------+
         Total |   8962 |   8636 |    326 |   2133 |   3679 |  11 |  814.7 |
       Dungeon |   7873 |   7547 |    326 |   1783 |   3413 |   9 |  874.8 |
          Lair |    101 |    101 |      0 |      0 |     42 |   1 |  101.0 |
         Sewer |    987 |    987 |      0 |    350 |    224 |   1 |  987.0 |
               +--------+--------+--------+--------+--------+-----+--------+

Top non-repeatable levels by time:
     D:8: 1830 daAuts
     D:3: 1010 daAuts
   Sewer: 987 daAuts
     D:2: 962 daAuts
     D:6: 748 daAuts
     D:4: 733 daAuts
     D:7: 664 daAuts
     D:9: 655 daAuts
     D:5: 633 daAuts
     D:1: 633 daAuts
  Lair:1: 101 daAuts
